 Dungeon Crawl Stone Soup version 0.23.2-1-ga50397a (webtiles) character file.

Game seed: 11349435802269411050

1037 Mimshu the Skirmisher (level 8, -3/64 HPs)
             Began as a Demonspawn Abyssal Knight on May 7, 2019.
             Was a Priest of Lugonu.
             Slain by an orc warrior
             ... wielding a +0 dire flail
              (6 damage)
             ... on level 6 of the Dungeon.
             The game lasted 00:19:36 (9338 turns).

Mimshu the Skirmisher (Demonspawn Abyssal Knight)   Turns: 9338, Time: 00:19:37

Health: -3/64      AC:  7    Str: 15    XL:     8   Next: 4%
Magic:  0/11       EV: 12    Int: 13    God:    Lugonu [***...]
Gold:   293        SH:  0    Dex: 13    Spells: 7/7 levels left

rFire    . . .     SeeInvis .   a - +1 hand axe
rCold    . . .     Gourm    .   H - +0 buckler
rNeg     . . .     Faith    .   I - +1 ring mail {rPois}
rPois    +         Spirit   +   (helmet restricted)
rElec    .         Reflect  .   (no cloak)
rCorr    .         Harm     .   E - +0 pair of gloves
MR       .....                  (no boots)
Stlth    ..........             (no amulet)
HPRegen  0.20/turn              m - ring of wizardry
MPRegen  0.12/turn              (no ring)

@: confused
A: horns 1, talons 1, spiny 1, magic shield
a: Depart the Abyss, Bend Space, Banish, Renounce Religion


You were on level 6 of the Dungeon.
You worshipped Lugonu.
Lugonu was most pleased with you.
You were not hungry.

You visited 1 branch of the dungeon, and saw 6 of its levels.
You visited the Abyss 1 time.

You collected 293 gold pieces.

Inventory:

Hand Weapons
 a - a +1 hand axe (weapon)
Missiles
 f - 6 tomahawks of returning
 j - 214 stones (quivered)
Armour
 b - a +0 leather armour
 v - a +0 scale mail
 E - a +0 pair of gloves (worn)
 H - a +0 buckler (worn)
 I - a +1 ring mail of poison resistance (worn)
Jewellery
 m - a ring of wizardry (left hand)
 t - a cursed -3 ring of strength
Wands
 o - a wand of polymorph (10)
 A - a wand of paralysis (9)
 F - a wand of disintegration (9)
Scrolls
 d - 9 scrolls of identify
 e - a scroll of fear {unknown}
 g - 2 scrolls of enchant armour {unknown}
 h - 2 scrolls of remove curse {unknown}
 n - a scroll of enchant weapon {unknown}
 s - a scroll of amnesia {unknown}
 u - a scroll of teleportation {unknown}
 w - 2 scrolls of blinking {unknown}
 x - a scroll of fog {unknown}
 y - 2 scrolls of magic mapping {unknown}
 D - a scroll of noise {unknown}
 J - a scroll of random uselessness {unknown}
Potions
 i - 2 potions of might {unknown}
 k - a potion of invisibility {unknown}
 l - 2 potions of berserk rage {unknown}
 p - 2 potions of agility {unknown}
 q - 2 potions of lignification {unknown}
 r - 3 potions of brilliance {unknown}
 z - a potion of heal wounds {unknown}
 B - a potion of haste {unknown}
 C - a potion of curing {unknown}
Comestibles
 c - 5 rations
 G - 8 chunks of flesh


   Skills:
 * Level 5.7 Fighting
 * Level 4.7 Axes
 - Level 1.7 Armour
 * Level 4.5 Dodging
 + Level 1.1 Shields
 + Level 5.0 Invocations


You had 7 spell levels left.
You didn't know any spells.
Your spell library was empty.

Dungeon Overview and Level Annotations

Branches:
Dungeon (6/15)             Temple (0/1) D:4

Altars:
Dithmenos
Gozag
Makhleb
Nemelex Xobeh
Okawaru
Uskayaw
The Shining One

Annotations:
D:3 Grinder
D:4 2 runed translucent doors, Terandir's ghost, amateur MiFi


Innate Abilities, Weirdness & Mutations

You have a pair of small horns on your head.
You have sharp toenails.
You are partially covered in sharp spines.
When hurt, damage is shared between your health and your magic reserves.


Message History

Something hits you but does no damage.
You miss the orc warrior. Your headbutt misses the orc warrior.
You closely miss something.
Your shield and ring mail prevent you from hitting the orc priest.
The gnoll hits you from afar with a +0 halberd.
A shadow imp comes into view.
The gnoll hits you but does no damage. Something hits you.
The orc warrior hits you with a +0 dire flail!!
* * * LOW HITPOINT WARNING * * *
The orc priest hits you but does no damage.
You're too confused to move!
The gnoll hits you from afar with a +0 halberd.
* * * LOW HITPOINT WARNING * * *
The shadow imp shouts, "Get thee hence, thou pox-marked sheep-biting coxcomb!"
The gnoll hits you from afar with a +0 spear.
* * * LOW HITPOINT WARNING * * *
Something hits you but does no damage.
The orc warrior hits you with a +0 dire flail!
You die...

.. #.#..... . #. ).....#
..g #. ##..#.o# .... #.
#...##.#
.....#.##....#.## .
#....#.#........# .#
#........# #oo##.#
#......## #@{..># #
###.......###†#...# .
.#.#.....#..###gg#...#.$
.≈.≈..#.≈##...).s.......
≈...♣.#≈.≈##.)5.[...≈≈..
≈♣.≈≈≈#≈≈.##.........≈≈≈
.....≈≈≈...........♣.≈≈≈
.....≈.≈.≈..........≈≈≈≈
≈≈≈≈♣..).≈...........≈.≈


You could see an orc warrior, an orc priest, 2 gnolls, a shadow imp, an orc and
a giant cockroach.

Vanquished Creatures
  A black bear (D:6)
  An ogre (D:4)
  A gnoll sergeant (D:5)
  A scorpion (D:4)
  A water moccasin zombie (D:6)
  A howler monkey (D:5)
  A crimson imp (D:5)
  3 hounds (D:5)
  A centaur skeleton (D:4)
  An iguana (D:5)
  Natasha (D:4)
  5 worker ants
  13 gnolls
  8 adders
  A shadow imp (D:5)
  3 oozes
  An adder skeleton (D:6)
  A worm (D:4)
  A dart slug (D:1)
  8 leopard geckos
  8 orcs
  2 giant cockroaches
  4 goblins
  9 hobgoblins
  13 jackals
  7 kobolds
  3 quokkas
  11 bats
  9 frilled lizards
  4 rats
124 creatures vanquished.

Notes
Turn   | Place    | Note
-------+----------+-------------------------------------------
     0 | Abyss:1  | Mimshu the Demonspawn Abyssal Knight began the quest for
                  | the Orb.
     0 | Abyss:1  | Reached XP level 1. HP: 18/18 MP: 2/2
     7 | D:1      | Escaped the Abyss
    28 | D:1      | Reached skill level 1 in Dodging
   297 | D:1      | Reached * piety under Lugonu
   297 | D:1      | Gained mutation: You have a pair of small horns on your
                  | head. [demonic ancestry]
   297 | D:1      | Reached XP level 2. HP: 1/24 MP: 3/3
  1003 | D:1      | Reached XP level 3. HP: 26/29 MP: 5/5
  2448 | D:2      | Found a shadowy altar of Dithmenos.
  2567 | D:2      | Reached XP level 4. HP: 35/35 MP: 6/6
  2826 | D:2      | Found an opulent altar of Gozag.
  2827 | D:2      | Found a sparkling altar of Nemelex Xobeh.
  3244 | D:3      | Reached ** piety under Lugonu
  3826 | D:4      | Found a hide-covered altar of Uskayaw.
  3862 | D:4      | Gained mutation: When hurt, damage is shared between your
                  | health and your magic reserves. [demonic ancestry]
  3862 | D:4      | Reached XP level 5. HP: 33/42 MP: 7/7
  4245 | D:4      | HP: 2/42 [poisoned by a worker ant]
  4540 | D:4      | Found an iron altar of Okawaru.
  4554 | D:4      | Noticed Grinder
  4593 | D:4      | Paralysed by Grinder for 2 turns
  4945 | D:4      | Paralysed by Grinder for 2 turns
  5241 | D:4      | Paralysed by Grinder for 3 turns
  5513 | D:4      | Paralysed by Grinder for 6 turns
  5714 | D:4      | Paralysed by Grinder for 2 turns
  5724 | D:4      | Paralysed by Grinder for 3 turns
  5729 | D:4      | Paralysed by Grinder for 6 turns
  5971 | D:3      | Paralysed by Grinder for 4 turns
  6479 | D:4      | Found a staircase to the Ecumenical Temple.
  6656 | D:4      | Gained mutation: You have sharp toenails. [demonic
                  | ancestry]
  6656 | D:4      | Reached XP level 6. HP: 41/49 MP: 6/8
  6745 | D:4      | Found a glowing golden altar of the Shining One.
  6869 | D:4      | Noticed Natasha
  6877 | D:4      | Killed Natasha
  7308 | D:4      | Found a large runed translucent door.
  7308 | D:4      | Found a large runed translucent door.
  7309 | D:4      | Noticed Terandir's ghost (amateur MiFi)
  7594 | D:4      | Found a burning altar of Makhleb.
  7594 | D:4      | Noticed a balrug
  7606 | D:5      | Entered Level 5 of the Dungeon
  7728 | D:5      | Gained mutation: You are partially covered in sharp spines.
                  | [demonic ancestry]
  7728 | D:5      | Reached XP level 7. HP: 26/55 MP: 4/10
  8243 | D:5      | Reached skill level 5 in Fighting
  8793 | D:5      | Reached *** piety under Lugonu
  9328 | D:6      | Reached skill level 1 in Shields
  9328 | D:6      | Reached skill level 5 in Invocations
  9328 | D:6      | Reached XP level 8. HP: 56/64 MP: 8/11
  9338 | D:6      | HP: 3/64 [gnoll/+0 spear (1)]
  9338 | D:6      | Slain by an orc warrior

Skill      XL: |  1  2  3  4  5  6  7 |
---------------+----------------------+-----
Dodging        | 1 2 3 4 |  4.5
Axes           | 2 3 4 |  4.7
Invocations    | 3 4 5 |  5.0
Fighting       | 4 5 |  5.7
Shields        | 1 |  1.1
Armour         | |  1.7

Action                   |  1- 3 |  4- 6 |  7- 9 || total
-------------------------+-------+-------+-------++-------
Melee: Hand axe          |   146 |   265 |    93 ||   504
       Headbutt          |    11 |    42 |    14 ||    67
       Kick              |       |    21 |    20 ||    41
Invok: Depart the Abyss  |     1 |       |       ||     1
       Bend Space        |       |     1 |       ||     1
  Use: Scroll            |     1 |     1 |       ||     2
  Eat: Chunk             |     5 |     6 |     2 ||    13
       Ration            |       |     3 |     1 ||     4
Armor: Leather armour    |    60 |     2 |       ||    62
       Scale mail        |       |   100 |     9 ||   109
       Ring mail         |       |       |    29 ||    29
Dodge: Dodged            |    99 |   126 |    88 ||   313
Block: Buckler           |       |       |    18 ||    18
